 Seeded DCSS version 0.27-a0-1193-g8631133539 (webtiles) character file.

Game seed: 13547910854924173952 (custom seed)

1533 flotson the Covert (level 8, -1/67 HPs)
             Began as a Gnoll Delver on May 25, 2021.
             Splashed by an acid dragon's acid (15 damage)
             ... on level 7 of the Dungeon.
             The game lasted 00:14:40 (6248 turns).

flotson the Covert (Gnoll Delver)                   Turns: 6248, Time: 00:14:42

Health: -1/67      AC: 13    Str: 13    XL:     8   Next: 85%
Magic:  13/13      EV: 12    Int:  9    God:
Gold:   270        SH:  9    Dex: 21    Spells: 14/14 levels left

rFire    . . .     SeeInvis .   a - +2 flail (protect)
rCold    . . .     Faith    .   B - +0 kite shield
rNeg     . . .     Spirit   .   i - +0 ring mail
rPois    .         Reflect  .   r - +0 helmet
rElec    .         Harm     .   (no cloak)
rCorr    .         Rampage  .   (no gloves)
Will     +....                  (no boots)
Stlth    ++++......             m - amulet of regeneration
HPRegen  1.21/turn              q - ring of willpower
MPRegen  0.13/turn              E - +6 ring of dexterity

@: under a protective aura
A: fangs 1, strong nose, distributed training
a: no special abilities


You were on level 7 of the Dungeon.
You visited 2 branches of the dungeon, and saw 8 of its levels.

You collected 270 gold pieces.

Inventory:

Hand Weapons
 a - a +2 flail of protection (weapon)
 b - a +0 hunting sling
 f - a +1 dagger of draining
 u - a +0 trident
 C - a +0 war axe
Missiles
 j - 43 sling bullets
 k - 3 poisoned darts (quivered)
 y - 7 boomerangs
Armour
 i - a +0 ring mail (worn)
 r - a +0 helmet (worn)
 B - a +0 kite shield (worn)
Jewellery
 m - an amulet of regeneration (around neck)
 q - a ring of willpower (left hand)
 E - a +6 ring of dexterity (right hand)
 F - a ring of protection from cold
Wands
 g - a wand of digging (3)
 t - a wand of flame (17)
Scrolls
 c - a scroll of fog
 d - 3 scrolls of magic mapping
 e - 2 scrolls of fear
 n - 2 scrolls of teleportation {unknown}
 p - a scroll of summoning {unknown}
 x - a scroll of amnesia {unknown}
 z - a scroll of silence {unknown}
 D - a scroll of immolation {unknown}
Potions
 h - 4 potions of attraction {unknown}
 l - a potion of mutation {unknown}
 o - 2 potions of degeneration {unknown}
 s - a potion of brilliance {unknown}
 v - 2 potions of curing {unknown}
 w - a potion of berserk rage {unknown}
 A - a potion of lignification {unknown}


   Skills:
 + Level 7.5 Fighting
 + Level 3.6 Short Blades
 + Level 3.6 Long Blades
 + Level 3.6 Axes
 + Level 3.6 Maces & Flails
 + Level 5.9 Polearms
 + Level 3.6 Staves
 + Level 3.6 Slings
 + Level 3.6 Bows
 + Level 3.6 Crossbows
 + Level 3.6 Throwing
 + Level 3.6 Armour
 + Level 5.9 Dodging
 + Level 10.2 Stealth
 + Level 3.6 Shields
 + Level 3.6 Unarmed Combat
 + Level 3.6 Spellcasting
 + Level 3.0 Conjurations
 + Level 3.0 Hexes
 + Level 3.0 Summonings
 + Level 3.0 Necromancy
 + Level 3.0 Translocations
 + Level 3.0 Transmutations
 + Level 3.0 Fire Magic
 + Level 3.0 Ice Magic
 + Level 3.0 Air Magic
 + Level 3.0 Earth Magic
 + Level 3.0 Poison Magic
 + Level 4.0 Invocations
 + Level 3.6 Evocations


You had 14 spell levels left.
You didn't know any spells.
Your spell library contained the following spells:

 Spells                   Type           Power      Damage    Failure   Level
 Magic Dart               Conj           28%        1d4       58%         1
 Blink                    Tloc           N/A        N/A       73%         2
 Call Imp                 Summ           7%         N/A       73%         2
 Slow                     Hex            7%         N/A       73%         2
 Conjure Flame            Conj/Fire      7%         6-21      91%         3
 Mephitic Cloud           Conj/Pois/Air  7%         N/A       91%         3


Dungeon Overview and Level Annotations

Branches:
Dungeon (7/15)             Temple (1/1) D:5

Altars:
Ashenzari
Cheibriados
Dithmenos
Elyvilon
Fedhas
Hepliaklqana
Okawaru
Qazlal
Ru
Sif Muna
Vehumet
Wu Jian
Yredelemnul
Zin
The Shining One

Shops:
D:1 ?*   D:2 *=?[

Annotations:
D:4 1 runed translucent door


Innate Abilities, Weirdness & Mutations

You have very sharp teeth.
Your uncanny sense of smell can sniff out nearby items.
Your experience applies equally to all skills.


Message History

The splash of acid hits you!
You are splashed with acid!
The acid dragon bites you! The acid dragon barely misses you.
You are too injured to fight recklessly!
You are too injured to fight recklessly!
You are too injured to fight recklessly!
You are too injured to fight recklessly!
You are too injured to fight recklessly!
You are too injured to fight recklessly!
You hit the acid dragon.
Your weapon exudes an aura of protection.
Your bite misses the acid dragon.
The acid dragon is moderately wounded.
The acid dragon bites you!
The acid dragon claws you but does no damage.
You sock the acid dragon!
You bite the acid dragon, but do no damage.
The acid dragon is heavily wounded.
The acid dragon barely misses you. x2; The acid dragon closely misses you.
The acid dragon claws you but does no damage.
You barely miss the acid dragon.
The acid dragon is heavily wounded.
You block the acid dragon's attack.
The acid dragon claws you but does no damage.
You hit the acid dragon.
The acid dragon is severely wounded.
The acid dragon spits acid at you. The splash of acid hits you.
You are splashed with acid!
* * * LOW HITPOINT WARNING * * *
You hit the acid dragon but do no damage.
The acid dragon is severely wounded.
The acid dragon bites you.
* * * LOW HITPOINT WARNING * * *
The acid dragon misses you. x2; You block the acid dragon's attack.
You hit the acid dragon.
You bite the acid dragon, but do no damage.
The acid dragon is almost dead.
The acid dragon spits acid at you.
The splash of acid hits you but does no damage.
You are splashed with acid!
You die...

∆ ###########
......D@..#
#############.##
#.............#
#.#############
#.# #.#####
#.....# #####.#
#...#


You could see an acid dragon (catching breath).

Vanquished Creatures
  Edmund (D:4)
  A water moccasin (D:4)
  A sky beast (D:5)
  A necrophage (D:3)
  An ogre (D:4)
  A centaur (D:7)
  A phantom (D:6)
  A scorpion (D:4)
  A bullfrog (D:7)
  A gnoll sergeant (D:4)
  4 howler monkeys
  A jelly (D:5)
  A centaur zombie (D:7)
  A bullfrog skeleton (D:3)
  A hound (D:4)
  An orc priest (D:5)
  Ijyb (D:3)
  3 orc wizards (D:5)
  4 iguanas
  3 gnolls (D:4)
  6 adders
  A white imp (D:7)
  An adder zombie (D:2)
  2 worms
  8 orcs
  6 bats
  A bat zombie (D:2)
  5 endoplasms
  2 giant cockroaches (D:1)
  5 goblins
  6 hobgoblins
  10 kobolds
  3 quokkas
  9 ball pythons
  3 frilled lizards
  A giant cockroach zombie (D:2)
  2 jackal zombies (D:2)
  A kobold zombie (D:4)
  3 quokka zombies (D:2)
  6 rats
111 creatures vanquished.

Vanquished Creatures (others)
  4 plants (D:5)
4 creatures vanquished.

Grand Total: 115 creatures vanquished

Notes
Turn   | Place    | Note
-------+----------+-------------------------------------------
     0 | D:5      | Reached skill level 9 in Stealth
     0 | D:5      | flotson the Gnoll Delver began the quest for the Orb.
     0 | D:5      | Reached XP level 1. HP: 23/23 MP: 1/1
    27 | D:5      | Noticed a water moccasin
    39 | D:4      | Noticed an ogre
    55 | D:4      | Noticed a scorpion
   101 | D:2      | Found Uxijuro's Antique Armour Shop.
   128 | D:2      | Reached XP level 2. HP: 26/29 MP: 2/2
   525 | D:1      | Found Dathran's General Store.
   813 | D:1      | Reached XP level 3. HP: 35/35 MP: 3/3
   974 | D:1      | Found Haikhloos's Magic Scroll Emporium.
  1048 | D:2      | Found Hosasyxi's General Store.
  1117 | D:2      | Found a faded altar of an unknown god.
  1163 | D:2      | Reached skill level 1 in Invocations
  1199 | D:2      | Reached skill level 1 in Short Blades
  1199 | D:2      | Reached skill level 1 in Long Blades
  1199 | D:2      | Reached skill level 1 in Axes
  1199 | D:2      | Reached skill level 1 in Maces & Flails
  1199 | D:2      | Reached skill level 1 in Staves
  1199 | D:2      | Reached skill level 1 in Slings
  1199 | D:2      | Reached skill level 1 in Bows
  1199 | D:2      | Reached skill level 1 in Crossbows
  1199 | D:2      | Reached skill level 1 in Throwing
  1199 | D:2      | Reached skill level 1 in Armour
  1199 | D:2      | Reached skill level 1 in Shields
  1199 | D:2      | Reached skill level 1 in Unarmed Combat
  1199 | D:2      | Reached skill level 1 in Spellcasting
  1199 | D:2      | Reached skill level 1 in Evocations
  1247 | D:2      | Found Hunuasat's Jewellery Shoppe.
  1250 | D:2      | Found Bakhluf's Magic Scroll Shoppe.
  1264 | D:2      | Reached XP level 4. HP: 41/41 MP: 5/5
  1830 | D:3      | Reached skill level 1 in Conjurations
  1830 | D:3      | Reached skill level 1 in Hexes
  1830 | D:3      | Reached skill level 1 in Summonings
  1830 | D:3      | Reached skill level 1 in Necromancy
  1830 | D:3      | Reached skill level 1 in Translocations
  1830 | D:3      | Reached skill level 1 in Transmutations
  1830 | D:3      | Reached skill level 1 in Fire Magic
  1830 | D:3      | Reached skill level 1 in Ice Magic
  1830 | D:3      | Reached skill level 1 in Air Magic
  1830 | D:3      | Reached skill level 1 in Earth Magic
  1830 | D:3      | Reached skill level 1 in Poison Magic
  1988 | D:3      | Noticed Ijyb
  1998 | D:3      | Killed Ijyb
  1999 | D:3      | Reached XP level 5. HP: 46/47 MP: 6/6
  2356 | D:3      | Noticed a necrophage
  2375 | D:3      | Killed a necrophage
  2429 | D:3      | Reached XP level 6. HP: 48/53 MP: 8/8
  2875 | D:4      | Reached skill level 5 in Polearms
  2875 | D:4      | Reached skill level 5 in Dodging
  3235 | D:4      | Found a runed translucent door.
  3235 | D:4      | Noticed a human
  3249 | D:4      | Reached XP level 7. HP: 60/60 MP: 10/10
  3255 | D:4      | Found a basalt altar of Yredelemnul.
  3915 | D:5      | Noticed Edmund
  4223 | D:4      | Found a runed translucent door.
  4225 | D:4      | Found a basalt altar of Yredelemnul.
  4374 | D:4      | Killed Edmund
  4375 | D:4      | Reached skill level 10 in Stealth
  5021 | D:5      | Reached XP level 8. HP: 64/67 MP: 12/12
  5179 | D:5      | Found a staircase to the Ecumenical Temple.
  5184 | Temple   | Entered the Ecumenical Temple
  5986 | D:7      | Identified the +2 robe "Xangaod" {+Blink rF- Int+4 SInv}
  6248 | D:7      | Splashed by an acid dragon's acid

Illustrated notes

Levels and vault maps discovered:
D:1:      amcnicky_arrival_blooded_trapdoor, layout_basic, serial_shops, shop,
          shop, dk_noncrumbling_3
D:2:      layout_basic, serial_undead, serial_undead_d, serial_undead_d,
          serial_undead_d, serial_undead_c, basic_ecumenical_altar,
          serial_shops, shop, shop, nicolae_shop_behind_doors,
          nicolae_shop_stone, hangedman_feature_mirror
D:3:      layout_basic, kennysheep_cross_room, minivault_27, uniq_ijyb
D:4:      layout_loops_ring, dk_yredelemnul_ordeal, minmay_misc_feat_tower,
          lightli_minifort
D:5:      layout_gridville, minmay_temple_entry_nine_rooms, serial_bayou_lake_a,
          uniq_edmund
D:6:      layout_basic, trog_ov_bears_minmay, fountainhead,
          minmay_misc_feat_diagonals, minmay_misc_feat_iff, uniq_blork_the_orc
D:7:      layout_basic, grunt_ministairs_4, kennysheep_big_empty_room,
          uniq_joseph
Temple:   zaba_magenta_temple

Skill      XL: |  1  2  3  4  5  6  7  8 |
---------------+-------------------------+-----
Stealth        | 10 | 10.2
Invocations    | 1 2 3 4 |  4.0
Short Blades   | 1 2 3 |  3.6
Long Blades    | 1 2 3 |  3.6
Axes           | 1 2 3 |  3.6
Maces & Flails | 1 2 3 |  3.6
Staves         | 1 2 3 |  3.6
Slings         | 1 2 3 |  3.6
Bows           | 1 2 3 |  3.6
Crossbows      | 1 2 3 |  3.6
Throwing       | 1 2 3 |  3.6
Armour         | 1 2 3 |  3.6
Shields        | 1 2 3 |  3.6
Unarmed Combat | 1 2 3 |  3.6
Spellcasting   | 1 2 3 |  3.6
Evocations     | 1 2 3 |  3.6
Conjurations   | 1 2 3 |  3.0
Hexes          | 1 2 3 |  3.0
Summonings     | 1 2 3 |  3.0
Necromancy     | 1 2 3 |  3.0
Translocations | 1 2 3 |  3.0
Transmutations | 1 2 3 |  3.0
Fire Magic     | 1 2 3 |  3.0
Ice Magic      | 1 2 3 |  3.0
Air Magic      | 1 2 3 |  3.0
Earth Magic    | 1 2 3 |  3.0
Poison Magic   | 1 2 3 |  3.0
Polearms       | 5 |  5.9
Dodging        | 5 |  5.9
Fighting       | 7 |  7.5

Action                   |  1- 3 |  4- 6 |  7- 9 || total
-------------------------+-------+-------+-------++-------
Melee: Spear             |   157 |    55 |       ||   212
       Bite              |    12 |     9 |    30 ||    51
       War axe           |       |    43 |    57 ||   100
       Flail             |       |       |   125 ||   125
 Fire: Hunting sling     |       |   113 |     6 ||   119
Throw: Dart              |       |       |    13 ||    13
       Boomerang         |       |       |     6 ||     6
  Use: Potion            |       |       |     2 ||     2
 Stab: Sleeping          |    12 |     4 |     4 ||    20
Armor: Ring mail         |    47 |    40 |    98 ||   185
Dodge: Dodged            |    71 |    89 |   110 ||   270
Block: Kite shield       |       |     1 |   135 ||   136

Table legend: (Time is in decaauts)
 A = Elapsed time spent in this place.
 B = Non-inter-level travel time spent in this place.
 C = Inter-level travel time spent in this place.
 D = Time resting spent in this place.
 E = Time spent auto-exploring this place.
 F = Levels seen in this place.
 G = Mean time per level.
                   A        B        C        D        E       F      G
               +--------+--------+--------+--------+--------+-----+--------+
         Total |   6369 |   6031 |    338 |     22 |   4611 |   8 |  796.1 |
       Dungeon |   6295 |   5976 |    319 |     22 |   4557 |   7 |  899.3 |
        Temple |     73 |     54 |     19 |      0 |     54 |   1 |   73.0 |
               +--------+--------+--------+--------+--------+-----+--------+

Top non-repeatable levels by time:
     D:4: 2393 daAuts
     D:3: 941 daAuts
     D:1: 909 daAuts
     D:5: 841 daAuts
     D:2: 689 daAuts
     D:7: 443 daAuts
     D:6: 77 daAuts
  Temple: 73 daAuts
